 Dungeon Crawl Stone Soup version 0.23.1 (webtiles) character file.

Game seed: 2640982505099348917

1316 pjoxt the Firebug (level 8, 0/43 HPs)
             Began as a Gargoyle Fire Elementalist on Mar 5, 2019.
             Was a Follower of Hepliaklqana.
             Killed by divine providence
             ... invoked by an orc priest
              (17 damage)
             ... on level 6 of the Dungeon.
             The game lasted 00:23:09 (5478 turns).

pjoxt the Firebug (Gargoyle Fire Elementalist)      Turns: 5478, Time: 00:23:10

Health: 0/43       AC: 12    Str: 13    XL:     8   Next: 59%
Magic:  12/14      EV: 11    Int: 17    God:    Hepliaklqana [*.....]
Gold:   329        SH:  0    Dex: 10    Spells: 6/15 levels left

rFire    . . .     SeeInvis .   k - +0 dagger (freeze)
rCold    . . .     Gourm    .   (no shield)
rNeg     + . .     Faith    .   z - +1 leather armour {MR+}
rPois    ∞         Spirit   .   (no helmet)
rElec    +         Reflect  .   (no cloak)
rCorr    .         Harm     .   n - +0 pair of gloves
MR       +....                  D - +0 pair of boots
Stlth    ++........             r - amulet of magic regeneration
HPRegen  0.14/turn              (no ring)
MPRegen  0.39/turn              (no ring)

@: very slightly contaminated
A: reduced essence, negative energy resistance 1, electricity resistance,
unbreathing, petrification resistance, rot immunity, AC +5
a: Recall Ancestor, Ancestor Identity, Renounce Religion


You were on level 6 of the Dungeon.
You worshipped Hepliaklqana.
Hepliaklqana was aware of your devotion.
You were not hungry.

You visited 2 branches of the dungeon, and saw 8 of its levels.

You collected 329 gold pieces.

Inventory:

Hand Weapons
 k - a +0 dagger of freezing (weapon)
Armour
 a - a +0 robe
 n - a +0 pair of gloves (worn)
 z - a +1 leather armour of magic resistance (worn)
 A - a +0 pair of boots
 D - a +0 pair of boots (worn)
Jewellery
 r - an amulet of magic regeneration (around neck)
 C - a cursed ring of teleportation {unknown}
 H - an uncursed amulet of rage {unknown}
Wands
 o - a wand of flame (8)
 q - a wand of paralysis (9)
 y - a wand of disintegration (12)
 E - a wand of iceblast (8)
 F - a wand of random effects (14)
Scrolls
 b - 3 scrolls of amnesia {unknown}
 e - a scroll of fear {unknown}
 f - 3 scrolls of remove curse {unknown}
 g - 5 scrolls of identify {unknown}
 j - a scroll of noise {unknown}
 l - 2 scrolls of fog {unknown}
 p - 2 scrolls of magic mapping {unknown}
 t - 2 scrolls of immolation {unknown}
 x - 3 scrolls of teleportation {unknown}
Potions
 d - 5 potions of curing
 h - a potion of might {unknown}
 i - a potion of invisibility {unknown}
 m - a potion of resistance {unknown}
 s - 2 potions of cancellation {unknown}
 u - 2 potions of ambrosia {unknown}
 v - a potion of heal wounds {unknown}
 w - a potion of mutation {unknown}
 B - a potion of flight {unknown}
 G - a potion of agility {unknown}
Comestibles
 c - 14 rations


   Skills:
 + Level 4.2 Fighting
 - Level 3.0 Armour
 - Level 1.5 Dodging
 - Level 2.1 Stealth
 + Level 4.1 Spellcasting
 - Level 2.3 Conjurations
 + Level 2.3 Hexes
 + Level 7.6 Fire Magic


You had 6 spell levels left.
You knew the following spells:

 Your Spells              Type           Power        Failure   Level  Hunger
a - Flame Tongue          Conj/Fire      ###..        2%          1    None
b - Throw Flame           Conj/Fire      ###...       3%          2    ##.....
c - Conjure Flame         Conj/Fire      ###.....     8%          3    ###....
d - Inner Flame           Hex/Fire       ###.....     8%          3    ###....

Your spell library contained the following spells:

 Spells                   Type           Power        Failure   Level  Hunger
 Sticky Flame             Conj/Fire      ###.....     26%         4    ####...
 Fireball                 Conj/Fire      ###.......   56%         5    ######.


Dungeon Overview and Level Annotations

Branches:
Dungeon (7/15)             Temple (1/1) D:4

Altars:
Ashenzari
Cheibriados
Dithmenos
Elyvilon
Fedhas
Gozag
Hepliaklqana
Kikubaaqudgha
Makhleb
Nemelex Xobeh
Okawaru
Qazlal
Ru
Sif Muna
Uskayaw
Vehumet
Wu Jian
Xom
Yredelemnul
Zin
The Shining One

Annotations:
D:2 Sigmund


Innate Abilities, Weirdness & Mutations

You are resistant to torment.
Your stone body is resilient. (AC +5)
You are immune to poison.
You resist negative energy. (rN+)
You are resistant to electric shocks. (rElec)
You can survive without breathing.
You are immune to petrification.
You are immune to rotting.
Your life essence is reduced to manifest your ancestor. (-10% HP)


Message History

You are momentarily dazzled by a flash of light!
The orc priest looks braver for a moment.
Arc barely misses the orc priest.
The orc priest invokes the aid of Beogh against you.
Beogh smites you!
Arc hits the orc priest but does no damage.
The orc priest hits you with a +0 flail.
Arc barely misses the orc priest.
The orc priest hits you but does no damage.
The orc priest casts a cantrip, but nothing happens.
Arc hits the orc priest but does no damage.
There is a stone staircase leading up here.
The orc priest begins to cast a cantrip, but forgets the words!
You climb upwards.
There is a stone staircase leading down here.
Arc is recalled.
The orc priest hits you with a +0 club.
The orc priest invokes the aid of Beogh against you.
Beogh smites you!
You die...

#..# #.#.......##.# #.#
#..###.##......##.# #.#
#....#............# #.#
#....######.##.#..####.#
####........##.#........
#..............#####.
#.R....#.......# #.
#..>...#.###...# #.
#.o.@..#.# #.#.# #.
#.##..##.###.#.#####. ##
#.##>.##............. .#
#.##..##.###.######## .#
#.##(.##.# #.# .#
#.##..##.# #.# .#
#.##..##.###.# .#
#.##.........#
.############........#####


You could see the friendly Arc the ancestor and an orc priest.

Vanquished Creatures
  A phantom (D:4)
  4 ogres
  A centaur (D:6)
  A wyvern skeleton (D:6)
  An orc priest (D:6)
  3 hounds
  An orc wizard (D:5)
  A centaur skeleton (D:4)
  3 worker ants
  Ijyb (D:5)
  A killer bee zombie (D:5)
  A hound zombie (D:6)
  A hound skeleton (D:6)
  An ancestor (D:3)
  3 gnolls (D:5)
  12 adders
  A howler monkey skeleton (D:5)
  A shadow imp (D:6)
  2 adder skeletons (D:5)
  2 worms
  2 leopard geckos
  17 orcs
  6 giant cockroaches
  6 goblins
  6 hobgoblins
  6 jackals
  8 kobolds
  A quokka (D:4)
  4 bats
  3 frilled lizards
  A jackal skeleton (D:4)
  A leopard gecko skeleton (D:4)
  8 rats
111 creatures vanquished.

Vanquished Creatures (collateral kills)
  An ogre (D:3)
  An orc priest (D:6)
  An orc wizard (D:3)
  A worker ant (D:7)
  A dart slug (D:3)
  3 orcs
  A ball python (D:3)
  2 giant cockroaches (D:3)
  A goblin (D:3)
  A hobgoblin (D:3)
  4 jackals (D:3)
  A quokka (D:3)
  A bat (D:3)
  A kobold (D:3)
  2 rats (D:3)
22 creatures vanquished.

Vanquished Creatures (others)
  4 ancestors
  A rat (D:3)
5 creatures vanquished.

Grand Total: 138 creatures vanquished

Notes
Turn   | Place    | Note
-------+----------+-------------------------------------------
     0 | D:1      | pjoxt the Gargoyle Fire Elementalist began the quest for
                  | the Orb.
     0 | D:1      | Reached XP level 1. HP: 10/10 MP: 3/3
   225 | D:1      | Reached XP level 2. HP: 15/15 MP: 1/5
   616 | D:2      | Reached XP level 3. HP: 19/19 MP: 2/6
   681 | D:2      | Learned a level 2 spell: Throw Flame
   685 | D:2      | Learned a level 3 spell: Conjure Flame
   771 | D:2      | Reached skill level 4 in Fire Magic
   925 | D:2      | Found a glowing silver altar of Zin.
   925 | D:2      | Found an ancient bone altar of Kikubaaqudgha.
   925 | D:2      | Found an opulent altar of Gozag.
   926 | D:2      | Found an ornate altar of the Wu Jian Council.
   927 | D:2      | Found a sparkling altar of Nemelex Xobeh.
   928 | D:2      | Found a glowing golden altar of the Shining One.
   933 | D:2      | Found a sacrificial altar of Ru.
  1039 | D:2      | Reached XP level 4. HP: 24/24 MP: 3/7
  1179 | D:3      | Noticed Sigmund
  1179 | D:3      | Noticed an ogre
  1359 | D:4      | Noticed an ogre
  1367 | D:4      | Killed an ogre
  1367 | D:4      | Reached skill level 5 in Fire Magic
  1367 | D:4      | Reached XP level 5. HP: 21/28 MP: 3/8
  1563 | D:4      | Reached skill level 6 in Fire Magic
  1620 | D:5      | Entered Level 5 of the Dungeon
  1653 | D:5      | Noticed Ijyb
  1656 | D:5      | Reached XP level 6. HP: 31/32 MP: 4/9
  1768 | D:5      | Found a stormy altar of Qazlal.
  1855 | D:5      | Learned a level 3 spell: Inner Flame
  2034 | D:6      | Reached skill level 1 in Fighting
  2075 | D:6      | Found an iron altar of Okawaru.
  2430 | D:6      | Reached XP level 7. HP: 38/40 MP: 6/10
  2643 | D:5      | Killed Ijyb
  2935 | D:4      | Reached skill level 7 in Fire Magic
  2967 | D:4      | Reached skill level 1 in Armour
  2974 | D:4      | Found a staircase to the Ecumenical Temple.
  2984 | Temple   | Entered the Ecumenical Temple
  3163 | Temple   | Became a worshipper of Hepliaklqana the Forgotten
  3853 | D:3      | Reached skill level 1 in Hexes
  3864 | D:3      | Reached XP level 8. HP: 41/41 MP: 13/13
  4730 | D:5      | Found a blossoming altar of Fedhas.
  5179 | D:6      | Reached * piety under Hepliaklqana
  5478 | D:6      | Killed from afar by an orc priest

Skill      XL: |  1  2  3  4  5  6  7  8 |
---------------+-------------------------+-----
Conjurations   | 2 |  2.3
Fire Magic     | 4 5 6 7 |  7.6
Fighting       | 2 3 4 |  4.2
Spellcasting   | 3 4 |  4.1
Armour         | 1 3 |  3.0
Hexes          | 1 2 |  2.3
Dodging        | |  1.5
Stealth        | |  2.1

Action                   |  1- 3 |  4- 6 |  7- 9 || total
-------------------------+-------+-------+-------++-------
Melee: Unarmed           |     1 |       |       ||     1
       Dagger            |    47 |    82 |   117 ||   246
 Cast: Flame Tongue      |    32 |    42 |    40 ||   114
       Throw Flame       |     2 |    13 |    48 ||    63
       Conjure Flame     |     1 |     6 |     5 ||    12
       Inner Flame       |       |       |     8 ||     8
Invok: Ancestor Identity |       |       |     1 ||     1
       Recall Ancestor   |       |       |     1 ||     1
 Stab: Sleeping          |       |     1 |       ||     1
  Eat: Chunk             |     1 |     7 |    13 ||    21
Armor: Robe              |    27 |    46 |    10 ||    83
       Leather armour    |       |       |    69 ||    69
Dodge: Dodged            |    33 |    68 |    76 ||   177
